 Dungeon Crawl Stone Soup version 0.25-a0-565-g8875c97ebb (webtiles) character file.

Game seed: 1713466273688785308, levelgen mode: deterministic

32915 Flugslaktarn the Cleaver (level 13, -7/130 HPs)
             Began as a Deep Dwarf Fighter on Feb 26, 2020.
             Was an Elder of Makhleb.
             Mangled by Agnes
             ... wielding a +4 lajatang of venom
              (21 damage)
             ... on level 14 of the Dungeon.
             The game lasted 00:09:32 (10397 turns).

Flugslaktarn the Cleaver (Deep Dwarf Fighter)      Turns: 10397, Time: 00:09:32

Health: -7/130     AC: 29    Str: 28    XL:     13   Next: 34%
Magic:  6/6        EV:  7    Int: 11    God:    Makhleb [****..]
Gold:   946        SH: 13    Dex: 12    Spells: 12/12 levels left

rFire    . . .     SeeInvis .   b - +2 broad axe
rCold    . . .     Gourm    .   L - +2 kite shield
rNeg     . . .     Faith    .   x - +7 chain mail of Annaggel {rCorr}
rPois    +         Spirit   .   (no helmet)
rElec    .         Reflect  .   I - +2 cloak {rPois}
rCorr    +         Harm     .   f - +2 pair of gloves
MR       +....                  u - +2 pair of boots
Stlth    ..........             (no amulet)
HPRegen  0.00/turn              G - +5 ring of strength
MPRegen  0.10/turn              k - ring of resist corrosion

@: lethally poisoned (-7 -> -7), non-regenerating
A: damage resistance, heal wounds, sense surroundings 2, no regeneration
a: Heal Wounds, Minor Destruction, Lesser Servant of Makhleb, Major Destruction,
Renounce Religion


You were on level 14 of the Dungeon.
You worshipped Makhleb.
Makhleb was greatly pleased with you.
You were not hungry.

You visited 2 branches of the dungeon, and saw 16 of its levels.
You also visited: Gauntlet.

You collected 946 gold pieces.

Inventory:

Hand Weapons
 a - a +0 hand axe of flaming
   (You found it on level 4 of the Dungeon)
 b - a +2 broad axe (weapon)
   (You took it off a death knight on level 12 of the Dungeon)
 m - a +0 war axe
Missiles
 s - a throwing net (quivered)
Armour
 f - a +2 pair of gloves (worn)
   (You found it on level 1 of the Dungeon)
 g - a scarf of repulsion
   (You found it in a Gauntlet)
 h - a +0 crystal plate armour
   (You found it on level 1 of the Dungeon)
 u - a +2 pair of boots (worn)
   (You found it on level 7 of the Dungeon)
 x - the +7 chain mail of Annaggel (worn) {rCorr}
   (You found it on level 5 of the Dungeon)

   It provides partial protection from all sources of acid and corrosion.
   If you remove this armour, your AC will decrease by 19 (29 -> 10).
 I - a +2 cloak of poison resistance (worn)
   (You took it off Maurice on level 12 of the Dungeon)
 L - a +2 kite shield (worn)
   (You found it on level 14 of the Dungeon)
 M - a +0 tower shield
   (You took it off Louise on level 14 of the Dungeon)
Jewellery
 c - an uncursed ring of protection from cold
   (You took it off an orc on level 12 of the Dungeon)
 k - a ring of resist corrosion (right hand)
   (You took it off an orc on level 6 of the Dungeon)
 o - an uncursed ring of poison resistance
   (You found it on level 2 of the Dungeon)
 F - the ring "Toshoubuco" {Fire *Corrode +Blink Int+4}
   (You found it in a Gauntlet)

   [ring of fire]

   It enhances your fire magic.
   It affects your intelligence (+4).
   It protects you from fire.
   It makes you vulnerable to cold.
   It lets you blink.
   It may corrode you when you take damage.
 G - a +5 ring of strength (left hand)
   (You took it off an entropy weaver in a Gauntlet)
Wands
 p - a wand of iceblast (8)
   (You found it on level 5 of the Dungeon)
 v - a wand of digging (7)
   (You found it on level 9 of the Dungeon)
 y - a wand of scattershot (4)
   (You found it on level 11 of the Dungeon)
 K - a wand of paralysis (6)
   (You found it on level 12 of the Dungeon)
Scrolls
 j - 3 scrolls of enchant weapon
 n - a scroll of fear
 r - 8 scrolls of identify
 t - 5 scrolls of teleportation
 w - 10 scrolls of remove curse
 z - a scroll of blinking
 J - a scroll of enchant armour
Potions
 d - a potion of might
 i - 2 potions of stabbing
 l - a potion of ambrosia
 q - 2 potions of curing
 A - a potion of mutation
 B - 2 potions of invisibility
 C - a potion of heal wounds
 D - 3 potions of flight
 H - a potion of lignification
Comestibles
 e - 30 rations


   Skills:
 * Level 12.4 Fighting
 * Level 14.3 Axes
 + Level 10.9 Armour
 + Level 5.3 Shields
 + Level 10.7 Invocations


You had 12 spell levels left.
You didn't know any spells.
Your spell library was empty.

Dungeon Overview and Level Annotations

Branches:
Dungeon (15/15)            Temple (1/1) D:6            Lair (0/6) D:8
    Orc (0/2) D:9          Vaults (0/5) D:14        Gauntlet (visited)
 Depths: D:15

Altars:
Ashenzari
Cheibriados
Dithmenos
Elyvilon
Fedhas
Gozag
Hepliaklqana
Kikubaaqudgha
Makhleb
Nemelex Xobeh
Okawaru
Qazlal
Ru
Sif Muna
Trog
Uskayaw
Vehumet
Wu Jian
Xom
Yredelemnul
Zin
The Shining One

Annotations:
D:4 2 transporters
D:14 Agnes


Innate Abilities, Weirdness & Mutations

You are resistant to damage.
You can heal yourself by infusing magical energy.
You passively map the area around you.
You do not regenerate.


Message History

You block Agnes's attack.
You miss Agnes.
Agnes is severely wounded.
You block Agnes's attack. x2
You closely miss Agnes.
Agnes is severely wounded.
You block Agnes's attack.
You slash Agnes!
Agnes is severely wounded.
Agnes hits you with a +4 lajatang of venom!
* * * LOW HITPOINT WARNING * * *
You hit Agnes.
Agnes is almost dead.
You block Agnes's attack.
Agnes hits you with a +4 lajatang of venom!!
* * * LOW HITPOINT WARNING * * *
Your shield and chain mail of Annaggel prevent you from hitting Agnes.
Agnes is almost dead.
Agnes hits you with a +4 lajatang of venom!!
You die...

#..## #...# ######### #####..#
#....)..# #..#...###.###')'###
#..........#§')..')#
##.........#≈#)..###
#........###§'≈..'[#
#........i†#≈#...###
#........!@#§'...')#
######......†##≈#...###
###...#.........#.'...'.#
#.....#.........#.#...#####
##......>........#≈+...')#.#####
.................#§#...###.....##
...#...........<.#§+.∩.'[#......#
...........#.....#########......#
..........###...................#


You could see Agnes.

Vanquished Creatures
  Kirke (D:14)
  Louise (D:14)
  An entropy weaver (Gauntlet)
  A minotaur (Gauntlet)
  A green death (Gauntlet)
  4 vault guards (D:14)
  Erolcha (D:11)
  3 hydras
  2 two-headed ogres
  2 death knights
  A centaur warrior (D:13)
  2 tengu warriors (D:13)
  An unseen horror (D:14)
  A phantasmal warrior (D:10)
  2 deep elf magi
  A wolf spider (Gauntlet)
  3 ugly things
  Maurice (D:12)
  A cyclops (D:11)
  A centaur zombie (D:12)
  3 centaur skeletons
  2 orange demons (Gauntlet)
  2 gargoyles
  2 freezing wraiths (D:10)
  4 trolls
  A hornet (D:14)
  Prince Ribbit (D:9)
  A hippogriff (D:11)
  Sigmund (D:4)
  A redback (Gauntlet)
  4 basilisks
  3 wyverns
  4 hogs (D:14)
  A wraith (D:10)
  8 humans (D:14)
  2 hungry ghosts
  Duvessa (D:5)
  An acid dragon (D:8)
  2 water moccasins
  2 black bears (D:7)
  2 hornet zombies
  An ice beast (D:6)
  4 phantoms
  4 sky beasts
  4 orc warriors
  12 centaurs
  7 ogres
  4 crocodiles
  2 big kobolds
  9 bullfrogs
  A wyvern zombie (D:13)
  A gnoll sergeant (D:10)
  2 scorpions
  Dowan (D:5)
  19 killer bees
  9 wights
  A howler monkey (D:4)
  4 bullfrog zombies
  3 crimson imps
  3 hounds
  6 orc priests
  3 jellies
  2 bullfrog skeletons
  4 iguanas
  19 orc wizards
  12 worker ants
  A hound skeleton (D:5)
  A worker ant zombie (D:6)
  6 gnolls
  14 adders
  A shadow imp (D:6)
  3 adder zombies
  An ooze (D:5)
  2 adder skeletons
  A dart slug (D:1)
  4 leopard geckos
  34 orcs
  A ball python (D:1)
  A bat (D:3)
  6 giant cockroaches
  4 goblins
  4 hobgoblins
  3 jackals (D:1)
  15 kobolds
  3 quokkas
  3 frilled lizards
  4 rats
328 creatures vanquished.

Vanquished Creatures (others)
  A demonic plant (Gauntlet)
  10 withered plants (Gauntlet)
11 creatures vanquished.

Grand Total: 339 creatures vanquished

Notes
Turn   | Place    | Note
-------+----------+-------------------------------------------
     0 | D:1      | Flugslaktarn the Deep Dwarf Fighter began the quest for the
                  | Orb.
     0 | D:1      | Reached XP level 1. HP: 20/20 MP: 1/1
    16 | D:1      | Reached XP level 2. HP: 12/27 MP: 2/2
   439 | D:1      | Reached skill level 3 in Axes
   439 | D:1      | Reached XP level 3. HP: 27/34 MP: 3/3
   570 | D:2      | Found a sparkling altar of Nemelex Xobeh.
   805 | D:3      | Found a blossoming altar of Fedhas.
   888 | D:3      | Found a shimmering altar of Xom.
   888 | D:3      | Noticed an angel
   889 | D:3      | Found a glowing silver altar of Zin.
   935 | D:4      | Reached XP level 4. HP: 42/42 MP: 4/4
   960 | D:4      | Found a transporter.
   972 | D:4      | Noticed a kobold demonologist
   990 | D:4      | Noticed Sigmund
  1001 | D:4      | Noticed a bullfrog
  1039 | D:4      | Killed Sigmund
  1039 | D:4      | Reached skill level 4 in Axes
  1039 | D:4      | Reached XP level 5. HP: 37/51 MP: 5/5
  1039 | D:4      | Reached XP level 6. HP: 42/58 MP: 6/6
  1057 | D:4      | Reached skill level 5 in Axes
  1061 | D:4      | Found a transporter.
  1229 | D:4      | Reached skill level 5 in Fighting
  1348 | D:4      | Reached XP level 7. HP: 62/67 MP: 6/6
  1373 | D:4      | Reached skill level 5 in Armour
  1536 | D:5      | Entered Level 5 of the Dungeon
  1600 | D:5      | Reached skill level 6 in Axes
  1935 | D:5      | Reached XP level 8. HP: 53/76 MP: 6/6
  2010 | D:5      | Reached skill level 7 in Axes
  2312 | D:5      | Got a spiked chain mail
  2323 | D:5      | Identified the +7 chain mail of Annaggel {rCorr} (You found
                  | it on level 5 of the Dungeon)
  2403 | D:5      | Noticed Duvessa
  2404 | D:5      | Noticed Dowan
  2432 | D:5      | Killed Dowan
  2439 | D:5      | Killed Duvessa
  2679 | D:6      | Found a staircase to the Ecumenical Temple.
  2758 | Temple   | Entered the Ecumenical Temple
  2934 | Temple   | Became a worshipper of Makhleb the Destroyer
  2976 | D:6      | Reached skill level 1 in Invocations
  3038 | D:6      | Reached skill level 8 in Axes
  3102 | D:6      | Found a radiant altar of Vehumet.
  3102 | D:6      | Found a white marble altar of Elyvilon.
  3102 | D:6      | Found an ancient bone altar of Kikubaaqudgha.
  3102 | D:6      | Found an iron altar of Okawaru.
  3148 | D:6      | Found a basalt altar of Yredelemnul.
  3486 | D:6      | Gained mutation: You passively map the area around you.
                  | [Deep Dwarf growth]
  3486 | D:6      | Reached XP level 9. HP: 46/86 MP: 8/8
  3664 | D:7      | Reached * piety under Makhleb
  4056 | D:7      | Reached skill level 9 in Axes
  4487 | D:8      | Reached ** piety under Makhleb
  4773 | D:8      | Found a sparkling altar of Nemelex Xobeh.
  4927 | D:8      | Reached skill level 5 in Invocations
  4953 | D:8      | Reached XP level 10. HP: 73/98 MP: 11/11
  4984 | D:8      | Reached skill level 10 in Axes
  5004 | D:8      | Found a staircase to the Lair.
  5231 | D:9      | Found a basalt altar of Yredelemnul.
  5236 | D:9      | Found a glowing golden altar of the Shining One.
  5238 | D:9      | Noticed an angel
  5282 | D:9      | Found a staircase to the Orcish Mines.
  5364 | D:9      | Reached *** piety under Makhleb
  5392 | D:9      | Noticed Prince Ribbit
  5514 | D:9      | Killed Prince Ribbit
  5668 | D:9      | Noticed a two-headed ogre
  5683 | D:9      | Killed a two-headed ogre
  5777 | D:10     | Entered Level 10 of the Dungeon
  6074 | D:10     | Noticed a phantasmal warrior
  6075 | D:10     | Noticed a death knight
  6091 | D:10     | HP: 2/99 [death knight/+0 broad axe (6)]
  6108 | D:10     | Killed a phantasmal warrior
  6108 | D:10     | Reached skill level 11 in Axes
  6126 | D:10     | Killed a death knight
  6129 | D:10     | Reached XP level 11. HP: 65/108 MP: 12/12
  6575 | D:11     | Found a gate leading to a gauntlet.
  6597 | D:11     | Noticed Erolcha
  6610 | D:11     | Killed Erolcha
  6610 | D:11     | Reached skill level 10 in Fighting
  6627 | Gauntlet | Entered a Gauntlet
  6627 | Gauntlet | Found a large runed translucent door.
  6627 | Gauntlet | Found a large runed translucent door.
  6627 | Gauntlet | Found a large runed translucent door.
  6627 | Gauntlet | Found a large runed translucent door.
  6627 | Gauntlet | Found a runed translucent door.
  6627 | Gauntlet | Found a large runed translucent door.
  6627 | Gauntlet | Found a large runed translucent door.
  6627 | Gauntlet | Found a transporter.
  6627 | Gauntlet | Found a transporter.
  6627 | Gauntlet | Found a large runed translucent door.
  6627 | Gauntlet | Found a large runed translucent door.
  6627 | Gauntlet | Found a runed translucent gate.
  6627 | Gauntlet | Found a runed translucent gate.
  6627 | Gauntlet | Found a transporter.
  6627 | Gauntlet | Found a transporter.
  6627 | Gauntlet | Noticed an entropy weaver
  6627 | Gauntlet | Noticed a wolf spider
  6631 | Gauntlet | Found a transporter.
  6642 | Gauntlet | Found a transporter.
  6662 | Gauntlet | Noticed a green death
  6663 | Gauntlet | Found a transporter.
  6685 | Gauntlet | Found a transporter.
  6685 | Gauntlet | Noticed a catoblepas
  6705 | Gauntlet | Found a transporter.
  6708 | Gauntlet | Found a transporter.
  6730 | Gauntlet | Found a transporter.
  6751 | Gauntlet | Found a runed translucent door.
  6752 | Gauntlet | Found a large runed translucent door.
  6752 | Gauntlet | Found a large runed translucent door.
  6752 | Gauntlet | Found a large runed translucent door.
  6752 | Gauntlet | Found a large runed translucent door.
  6753 | Gauntlet | Found a large runed translucent door.
  6753 | Gauntlet | Found a large runed translucent door.
  6754 | Gauntlet | Found a large runed translucent door.
  6754 | Gauntlet | Found a large runed translucent door.
  6763 | Gauntlet | Found a runed translucent gate.
  6779 | Gauntlet | Found a transporter.
  6832 | Gauntlet | Killed a wolf spider
  6839 | Gauntlet | Killed an entropy weaver
  6880 | Gauntlet | Killed a green death
  6886 | Gauntlet | Reached skill level 12 in Axes
  6908 | Gauntlet | Got a twitching tin ring
  6916 | Gauntlet | Identified the ring "Toshoubuco" {Fire *Corrode +Blink
                  | Int+4} (You found it in a Gauntlet)
  7036 | Gauntlet | Noticed a minotaur
  7068 | Gauntlet | Killed a minotaur
  7561 | D:11     | Noticed a brown ugly thing
  7561 | D:11     | Noticed a four-headed hydra
  7586 | D:11     | Killed a brown ugly thing
  7595 | D:11     | Killed a one-headed hydra
  7595 | D:11     | Reached XP level 12. HP: 77/120 MP: 9/9
  7851 | D:12     | Reached **** piety under Makhleb
  7879 | D:12     | Noticed a death knight
  7940 | D:12     | Killed a death knight
  7966 | D:12     | Reached skill level 13 in Axes
  8097 | D:12     | Noticed Maurice
  8115 | D:12     | Killed Maurice
  8115 | D:12     | Reached skill level 10 in Armour
  8627 | D:12     | Noticed a two-headed ogre
  8641 | D:12     | Killed a two-headed ogre
  8653 | D:12     | Noticed a four-headed hydra
  8680 | D:12     | Killed a ten-headed hydra
  8892 | D:13     | Noticed a centaur warrior
  8899 | D:13     | Killed a centaur warrior
  8964 | D:13     | Noticed a four-headed hydra
  8965 | D:13     | Found a glowing silver altar of Zin.
  9003 | D:13     | Killed an 11-headed hydra
  9272 | D:13     | Noticed a tengu warrior
  9272 | D:13     | Noticed a tengu warrior
  9283 | D:13     | Killed a tengu warrior
  9283 | D:13     | Reached skill level 10 in Invocations
  9294 | D:13     | Killed a tengu warrior
  9794 | D:14     | Noticed a vault guard
  9795 | D:14     | Noticed a vault guard
  9796 | D:14     | Noticed a vault guard
  9796 | D:14     | Noticed a vault guard
  9810 | D:14     | Killed a vault guard
  9810 | D:14     | Reached XP level 13. HP: 119/129 MP: 9/9
  9821 | D:14     | Reached skill level 14 in Axes
  9836 | D:14     | Found a gate to the Vaults.
  9909 | D:14     | Noticed Louise
  9947 | D:14     | Killed Louise
  9947 | D:14     | Reached skill level 5 in Shields
 10209 | D:14     | Paralysed by a hornet for 3 turns
 10337 | D:15     | Entered Level 15 of the Dungeon
 10337 | D:15     | Noticed Kirke
 10337 | D:15     | Noticed Agnes
 10374 | D:14     | Killed Kirke
 10397 | D:14     | Mangled by Agnes

Levels and vault maps discovered:
D:1:      heliophobic_arrival_battle_scene, layout_loops_corners,
          minmay_misc_feat_ornament
D:2:      layout_loops_corners, first_ration, small_statue_intersection,
          nemelex_xobeh_ov_fountains_minmay
D:3:      layout_rooms, grunt_temple_overflow_order_and_chaos_1, fedhas_altar_2
D:4:      gammafunk_wand_slinger, layout_basic, minmay_misc_feat_encased,
          minmay_misc_feat_square, dk_vineyard_2, dk_rats_in_the_wall,
          uniq_sigmund
D:5:      layout_loops_corners, uniq_duvessa
D:6:      layout_gridville, chequers_temple_overflow_statue_of_worship,
          minmay_temple_entry_mini_moons, yredelemnul_altar_generic
D:7:      layout_gridville
D:8:      layout_basic, nicolae_overflow_crystal_walls, erik_lair_dragon
D:9:      layout_rooms, grunt_temple_overflow_holy_war, orc_0_dummy,
          grunt_ogre_cave, uniq_prince_ribbit1
D:10:     layout_long_grid
D:11:     layout_stronghold, gauntlet_entry_generic, grunt_ministairs_10,
          uniq_erolcha
D:12:     layout_long_grid, minmay_misc_feat_more_columns,
          minmay_fractal_squares_diagonal_5, uniq_maurice
D:13:     layout_gridville, basic_altar, chequers_decorated_corner
D:14:     layout_cave_pools, ximxim_vaults_locker_room, uniq_louise
D:15:     grunt_enter_depths_hoard, layout_irregular_city, uniq_kirke,
          uniq_agnes, uniq_nessos
Temple:   minmay_temple_bridge_abc

Skill      XL: |  1  2  3  4  5  6  7  8  9 10 11 12 13 |
---------------+----------------------------------------+-----
Fighting       | 3 4 5 6 7 8 9 11 12 | 12.4
Axes           | 3 4 5 6 8 9 11 12 13 14 | 14.3
Armour         | 4 5 6 7 8 9 10 | 10.9
Invocations    | 2 5 7 8 10 | 10.7
Shields        | 4 5 |  5.3

Action                   |  1- 3 |  4- 6 |  7- 9 | 10-12 | 13-15 || total
-------------------------+-------+-------+-------+-------+-------++-------
Melee: War axe           |   154 |   133 |       |       |       ||   287
       Hand axe          |       |     3 |   597 |   325 |       ||   925
       Broad axe         |       |       |       |   570 |    90 ||   660
Invok: Lesser Servant of |       |       |       |    11 |     1 ||    12
 Abil: Heal Wounds       |     2 |     3 |     9 |    44 |    20 ||    78
Evoke: Wand              |       |       |       |     2 |     1 ||     3
  Use: Scroll            |       |       |    12 |     7 |       ||    19
       Potion            |       |       |       |     4 |     4 ||     8
 Stab: Distracted        |       |       |       |     2 |       ||     2
  Eat: Chunk             |    16 |     2 |    11 |    18 |       ||    47
       Ration            |       |       |     2 |     3 |     1 ||     6
Armor: Crystal plate arm |   114 |   117 |    92 |       |       ||   323
       Scale mail        |     3 |       |       |       |       ||     3
       Chain mail        |       |       |   310 |   775 |   131 ||  1216
       Skin              |       |       |       |    10 |       ||    10
Dodge: Dodged            |     9 |       |    73 |   223 |    35 ||   340
       Deflected         |       |       |       |     4 |       ||     4
Block: Kite shield       |    79 |    66 |   238 |   534 |    85 ||  1002
       Tower shield      |       |       |       |       |    14 ||    14

Table legend:
 A = Non-vault XP
 B = Vault XP
 C = Vault XP percentage of total XP
 D = Non-vault monster count
 E = Vault monster count
 F = Vault count percentage of total count
                 A         B        C        D         E       F
            +---------+---------+-------+---------+---------+-------
      Total |   27763 |   19259 |  41.0 |     286 |      42 |  12.8
            +---------+---------+-------+---------+---------+-------
        D:1 |      48 |       0 |   0.0 |      19 |       0 |   0.0
        D:2 |      20 |       0 |   0.0 |      11 |       0 |   0.0
        D:3 |       6 |       0 |   0.0 |       4 |       0 |   0.0
        D:4 |     570 |     223 |  28.1 |      22 |       1 |   4.3
        D:5 |     998 |     223 |  18.3 |      25 |       2 |   7.4
        D:6 |     742 |       0 |   0.0 |      17 |       0 |   0.0
        D:7 |     994 |       0 |   0.0 |      20 |       0 |   0.0
        D:8 |    1476 |    1158 |  44.0 |      24 |       7 |  22.6
        D:9 |    1231 |    1198 |  49.3 |      22 |       2 |   8.3
       D:10 |    3301 |       0 |   0.0 |      26 |       0 |   0.0
       D:11 |    3995 |    1130 |  22.0 |      20 |       2 |   9.1
       D:12 |    6982 |    1215 |  14.8 |      48 |       3 |   5.9
       D:13 |    5950 |       0 |   0.0 |      22 |       0 |   0.0
       D:14 |    1450 |    9342 |  86.6 |       6 |      18 |  75.0
   Gauntlet |       0 |    4770 | 100.0 |       0 |       7 | 100.0
            +---------+---------+-------+---------+---------+-------
